 Dungeon Crawl Stone Soup version 0.21.1-1-g345015fe64 (webtiles) character file.

62 Ivernyr the Charmwright (level 4, -3/33 HPs)
             Began as a Human Skald on June 4, 2018.
             Killed from afar by Sigmund (10 damage)
             ... with a puff of flame
             ... on level 2 of the Dungeon.
             The game lasted 00:10:23 (2961 turns).

Ivernyr the Charmwright (Human Skald)               Turns: 2961, Time: 00:10:24

Health: -3/33      AC:  6    Str: 11    XL:     4   Next: 28%
Magic:  7/7        EV: 11    Int: 13    God:
Gold:   55         SH:  0    Dex: 14    Spells: 2/7 levels left

rFire    . . .     SeeInvis .   a - +0 falchion
rCold    . . .     Gourm    .   (no shield)
rNeg     . . .     Faith    .   b - +0 ring mail
rPois    .         Spirit   .   (no helmet)
rElec    .         Reflect  .   q - +0 cloak
rCorr    .         Harm     .   (no gloves)
MR       .....                  (no boots)
Stlth    +.........             (no amulet)
HPRegen  0.11/turn              h - ring of flight
MPRegen  0.10/turn              (no ring)

@: no status effects
A: no striking features
a: Evoke Flight


You were on level 2 of the Dungeon.
You were near starving.

You visited 1 branch of the dungeon, and saw 3 of its levels.

You collected 55 gold pieces.

Inventory:

Hand Weapons
 a - a +0 falchion (weapon)
Missiles
 p - 7 javelins (quivered)
Armour
 b - a +0 ring mail (worn)
 q - a +0 cloak (worn)
Jewellery
 h - a ring of flight (left hand)
Scrolls
 e - 2 scrolls of teleportation {unknown}
 f - 2 scrolls of random uselessness {unknown}
 g - 4 scrolls of identify {unknown}
 l - a scroll of magic mapping {unknown}
 m - 3 scrolls of remove curse {unknown}
 n - a scroll of amnesia {unknown}
 o - a scroll of enchant armour {unknown}
Potions
 i - a potion of magic {unknown}
 j - a potion of agility {unknown}
 k - a potion of curing {unknown}
Books
 c - a book of Battle

   Spells                             Type                      Level
   a - Infusion                       Charms                       1
   b - Shroud of Golubria             Charms/Translocation         2
   c - Song of Slaying                Charms                       2
   d - Spectral Weapon                Hexes/Charms                 3
   e - Regeneration                   Charms/Necromancy            3
Comestibles
 d - 5 rations


   Skills:
 - Level 2.0 Fighting
 + Level 2.5 Long Blades
 * Level 2.0 Throwing
 + Level 1.8 Armour
 - Level 2.0 Dodging
 - Level 2.0 Spellcasting
 + Level 3.4 Charms


You had 2 spell levels left.
You knew the following spells:

 Your Spells              Type           Power        Failure   Level  Hunger
a - Shroud of Golubria    Chrm/Tloc      #.........   41%         2    ###....
b - Song of Slaying       Chrm           ##......     22%         2    ###....
c - Infusion              Chrm           ##..         14%         1    ##.....


Dungeon Overview and Level Annotations

Branches:
Dungeon (3/15)

Altars:

Annotations:
D:2 Sigmund


Message History

Your shroud falls apart!
You hit the gnoll but do no damage. The gnoll hits you with a halberd!
You hit the gnoll but do no damage. The gnoll misses you.
The gnoll hits you with a halberd.
You climb upwards.
Level annotation: Sigmund
There is a stone staircase leading down here.
The gnoll closely misses you.
The gnoll hits you from afar with a halberd!
* * * LOW HITPOINT WARNING * * *
Your magical contamination has completely faded away.
You see here a stone.
There is an open door here.
Things that are here:
2 stones; an uncursed dagger; an uncursed hunting sling Sigmund casts a spell at you.
The puff of flame misses you. Sigmund casts a spell at you.
The puff of flame hits you!
You die...

# #.# #.### #... # #.# #.# #### #
##'## #.# # ##...## #.# #
##....<## #.# ### # ##.......##
##.## ##..
###.........####...###########...
..'.........'....................
###.........####@..##g########...
##.......## #..###@# ##..
##.....## #....#.# ##. ##...##
#.##.#.# #.. ##'## #....@.# #.#
##.# ####.### #.# ##..# #.# #.#
#####.#.####### #.# #.#
..............#####.# #.#


You could see Sigmund.

Vanquished Creatures
  2 adders (D:3)
  A worm (D:2)
  2 dart slugs (D:1)
  2 ball pythons
  3 bats
  A giant cockroach (D:2)
  3 goblins
  4 hobgoblins
  4 jackals (D:1)
  3 quokkas (D:2)
  5 frilled lizards
  4 kobolds
  3 rats
37 creatures vanquished.

Notes
Turn   | Place    | Note
-------+----------+-------------------------------------------
     0 | D:1      | Ivernyr the Human Skald began the quest for the Orb.
     0 | D:1      | Reached XP level 1. HP: 16/16 MP: 3/3
   290 | D:1      | Reached XP level 2. HP: 21/22 MP: 5/5
   313 | D:1      | Learned a level 2 spell: Song of Slaying
   316 | D:1      | Learned a level 2 spell: Shroud of Golubria
   425 | D:1      | Reached skill level 1 in Throwing
  1155 | D:1      | Reached XP level 3. HP: 24/27 MP: 6/6
  1280 | D:2      | Noticed Sigmund
  2587 | D:3      | Reached XP level 4. HP: 33/33 MP: 1/7
  2902 | D:2      | HP: 1/33 [gnoll/halberd (10)]
  2961 | D:2      | Killed from afar by Sigmund

Skill      XL: |  1  2  3  4 |
---------------+-------------+-----
Throwing       | 1 2 |  2.0
Fighting       | |  2.0
Long Blades    | |  2.5
Armour         | |  1.8
Dodging        | |  2.0
Spellcasting   | |  2.0
Charms         | |  3.4

Action                   |  1- 3 |  4- 6 || total
-------------------------+-------+-------++-------
Melee: Falchion          |   151 |    16 ||   167
 Cast: Shroud of Golubri |     5 |     2 ||     7
  Eat: Chunk             |     6 |       ||     6
Armor: Ring mail         |    67 |     7 ||    74
Dodge: Dodged            |    86 |    11 ||    97
       Rpst.: Falchion   |    23 |     4 ||    27
